 Dungeon Crawl Stone Soup version 0.26.1-11-gd32895ea62 (webtiles) character file.

Game seed: 17956406994962038796

78 vvl the Ruffian (level 4, -1/36 HPs)
             Began as a Draconian Transmuter on June 8, 2021.
             Slain by Sigmund
             ... wielding a +0 scythe
              (3 damage)
             ... on level 2 of the Dungeon.
             The game lasted 00:02:45 (1452 turns).

vvl the Ruffian (Draconian Transmuter)              Turns: 1452, Time: 00:02:46

Health: -1/36      AC:  5    Str: 13    XL:     4   Next: 15%
Magic:  6/7        EV: 12    Int: 13    God:
Gold:   45         SH:  0    Dex: 12    Spells: 6/7 levels left

rFire    . . .     SeeInvis .   l - +0 short sword
rCold    . . .     Faith    .   (no shield)
rNeg     . . .     Spirit   .   (armour unavailable)
rPois    .         Reflect  .   (helmet currently unavailable)
rElec    .         Harm     .   (no cloak)
rCorr    .         Rampage  .   (no gloves)
Will     .....                  (boots currently unavailable)
Stlth    +.........             (no amulet)
HPRegen  0.12/turn              (no ring)
MPRegen  0.10/turn              (no ring)

@: appendages
A: unfitting armour, horns 2, talons 2, cold-blooded, AC +5
a: End Transformation


You were on level 2 of the Dungeon.
You had grown temporary horns.
You had grown temporary talons.
You visited 1 branch of the dungeon, and saw 2 of its levels.

You collected 45 gold pieces.

Inventory:

Hand Weapons
 l - a +0 short sword (weapon)
Jewellery
 f - an uncursed ring of ice
Scrolls
 d - a scroll of fear {unknown}
 e - a scroll of immolation {unknown}
 g - a scroll of teleportation {unknown}
 h - 5 scrolls of identify {unknown}
 i - a scroll of magic mapping {unknown}
 j - a scroll of enchant armour {unknown}
 k - a scroll of blinking {unknown}
 m - a scroll of remove curse {unknown}
Potions
 a - a potion of magic {unknown}
 b - 6 potions of curing {unknown}
 c - 2 potions of lignification {unknown}


   Skills:
 + Level 2.1 Fighting
 - Level 1.7 Dodging
 * Level 3.9 Unarmed Combat
 - Level 2.0 Spellcasting
 * Level 3.2 Transmutations


You had 6 spell levels left.
You knew the following spells:

 Your Spells              Type           Power        Failure   Level
a - Beastly Appendage     Tmut           18%          7%          1

Your spell library contained the following spells:

 Spells                   Type           Power        Failure   Level
 Wereblood                Tmut           9%           11%         2
 Spider Form              Tmut/Pois      2%           36%         3
 Ice Form                 Ice/Tmut       5%           78%         4
 Blade Hands              Tmut           4%           88%         5


Dungeon Overview and Level Annotations

Branches:
Dungeon (2/15)

Altars:

Annotations:
D:2 Sigmund


Innate Abilities, Weirdness & Mutations

Your plain brown scales are hard. (AC +5)
You cannot fit into any form of body armour.
You are cold-blooded and may be slowed by cold attacks.
You have a pair of horns on your head.
You have razor-sharp toenails.


Message History

You closely miss something. You tail-slap something.
Something hits you but does no damage.
You hit something. Something hits you but does no damage.
You completely miss something. You hit something but do no damage.
Your tail-slap misses something.
Something hits you but does no damage.
You barely miss something. Something hits you!
You barely miss something.
Your tail-slap misses something.
You closely miss something. Something barely misses you.
You hit something. You punch something. Something hits you.
* * * LOW HITPOINT WARNING * * *
You closely miss something. Something hits you but does no damage.
You are too injured to fight recklessly!
Casting: Beastly Appendage (safe; 7% risk of failure)
Confirm with . or Enter, or press ? or * to list all spells.
You grow a pair of large bovine horns.
Your feet morph into talons.
You hit something but do no damage. Something hits you.
* * * LOW HITPOINT WARNING * * *
You miss something. Your headbutt misses something. Something hits you.
You die...

##########
#..@{....#
#.###.####
#.# # #.#
#.# #.#
#.# #.#
#######
#.#


There were no monsters in sight!

Vanquished Creatures
  A water moccasin skeleton (D:2)
  A worm (D:2)
  A leopard gecko (D:1)
  2 bats (D:1)
  A giant cockroach (D:1)
  6 goblins
  A hobgoblin (D:1)
  4 jackals (D:1)
  A frilled lizard (D:1)
  5 kobolds (D:1)
  3 rats
26 creatures vanquished.

Notes
Turn   | Place    | Note
-------+----------+-------------------------------------------
     0 | D:1      | vvl the Draconian Transmuter began the quest for the Orb.
     0 | D:1      | Reached XP level 1. HP: 16/16 MP: 3/3
   265 | D:1      | Reached XP level 2. HP: 18/23 MP: 5/5
  1146 | D:2      | Reached XP level 3. HP: 7/29 MP: 4/6
  1147 | D:2      | Reached XP level 4. HP: 8/36 MP: 4/7
  1416 | D:2      | Noticed Sigmund
  1452 | D:2      | Slain by Sigmund

Illustrated notes

Levels and vault maps discovered:
D:1:      dpeg_arrival_orchard, layout_rooms, corexii_hall_statues_i,
          minmay_misc_feat_room
D:2:      layout_basic, uniq_sigmund

Skill      XL: |  1  2  3 |
---------------+----------+-----
Fighting       | 2 |  2.1
Transmutations | 3 |  3.2
Dodging        | |  1.7
Unarmed Combat | |  3.9
Spellcasting   | |  2.0

Action                   |  1- 3 |  4- 6 || total
-------------------------+-------+-------++-------
Melee: Unarmed           |    85 |       ||    85
       Headbutt          |     6 |       ||     6
       Kick              |     9 |     2 ||    11
       Tailslap          |     5 |     3 ||     8
       Short sword       |    17 |    21 ||    38
       Punch             |     1 |     1 ||     2
 Cast: Beastly Appendage |    10 |     2 ||    12
Armor: Skin              |    43 |     7 ||    50
Dodge: Dodged            |    65 |     7 ||    72
